 Dungeon Crawl Stone Soup version 0.23.2-1-ga50397a (webtiles) character file.

Game seed: 1416555624769423144

171 Kairos the Stinger (level 5, -1/37 HPs)
             Began as a Formicid Venom Mage on Apr 16, 2019.
             Slain by a river rat (6 damage)
             ... summoned by Eustachio
             ... on level 4 of the Dungeon.
             The game lasted 00:10:47 (2536 turns).

Kairos the Stinger (Formicid Venom Mage)            Turns: 2536, Time: 00:10:47

Health: -1/37      AC:  4    Str: 13    XL:     5   Next: 81%
Magic:  9/9        EV: 12    Int: 15    God:
Gold:   164        SH:  0    Dex: 11    Spells: 7/10 levels left

rFire    . . .     SeeInvis +   l - +2 flail (drain)
rCold    . . .     Gourm    .   (no shield)
rNeg     . . .     Faith    .   k - +1 leather armour
rPois    .         Spirit   .   (helmet unavailable)
rElec    .         Reflect  .   (no cloak)
rCorr    +         Harm     .   (no gloves)
MR       .....                  (no boots)
Stlth    ++........             (no amulet)
HPRegen  0.12/turn              e - ring of resist corrosion
MPRegen  0.11/turn              (no ring)

@: no status effects
A: permanent stasis, dig shafts and tunnels, four strong arms, antennae 3
a: Dig, Shaft Self


You were on level 4 of the Dungeon.
You were not hungry.

You visited 1 branch of the dungeon, and saw 6 of its levels.

You collected 164 gold pieces.

Inventory:

Hand Weapons
 h - a +0 spear
 l - a +2 flail of draining (weapon)
 m - a +0 hunting sling
Armour
 a - a +0 robe
 k - a +1 leather armour (worn)
Jewellery
 e - a ring of resist corrosion (left hand)
Scrolls
 b - a scroll of enchant armour
 d - 2 scrolls of identify
 f - 2 scrolls of amnesia
 g - a scroll of fear
 i - a scroll of remove curse
Comestibles
 c - 3 rations
 j - 3 chunks of flesh


   Skills:
 + Level 1.2 Fighting
 + Level 0.2 Polearms
 + Level 1.4 Armour
 + Level 2.8 Dodging
 + Level 2.5 Stealth
 + Level 0.2 Unarmed Combat
 + Level 3.0 Spellcasting
 + Level 1.7 Conjurations
 + Level 5.2 Poison Magic


You had 7 spell levels left.
You knew the following spells:

 Your Spells              Type           Power        Failure   Level  Hunger
a - Sting                 Conj/Pois      ##..         6%          1    #......
b - Poisonous Vapours     Pois/Air       ##....       13%         2    ##.....

Your spell library contained the following spells:

 Spells                   Type           Power        Failure   Level  Hunger
 Mephitic Cloud           Conj/Pois/Air  #.......     28%         3    ###....
 Olgreb's Toxic Radiance  Pois           ###.....     28%         4    #####..
 Venom Bolt               Conj/Pois      ##........   86%         5    ######.


Dungeon Overview and Level Annotations

Branches:
Dungeon (6/15)
 Temple: D:4-7

Altars:
Ashenzari
Cheibriados
Elyvilon
Qazlal
Ru

Annotations:
D:4 Eustachio


Innate Abilities, Weirdness & Mutations

You cannot be hasted, slowed, berserked, paralysed or teleported.
You can dig through walls and to a lower floor.
Your four strong arms can wield two-handed weapons with a shield.
You have a pair of large antennae on your head. (SInv)


Message History

* * * LOW HITPOINT WARNING * * *
You closely miss Eustachio.
Eustachio is moderately wounded.
The crimson imp disappears in a puff of smoke!
Eustachio mumbles some strange words.
Eustachio hits you with a +0 rapier.
* * * LOW HITPOINT WARNING * * *
You barely miss Eustachio.
Eustachio is moderately wounded.
Eustachio barely misses you.
The crimson imp blinks!
The river rat barely misses you.
The crimson imp blinks!
Eustachio barely misses you.
You closely miss Eustachio.
Eustachio is lightly wounded.
Eustachio barely misses you.
The river rat bites you but does no damage.
You barely miss Eustachio.
Eustachio is lightly wounded.
Eustachio closely misses you. The river rat bites you.
You die...

# ..#####
....... .......
......5#######.#
#.§r@@rr..#
#.######### #+


You could see Eustachio, a crimson imp, a river rat and 2 rats.

Vanquished Creatures
  Terence (D:2)
  Robin (D:2)
  3 adders
  3 worms
  A dart slug (D:2)
  A leopard gecko (D:2)
  A ball python (D:1)
  19 goblins
  15 hobgoblins
  13 jackals
  12 bats
  5 frilled lizards
  9 kobolds
  4 rats
88 creatures vanquished.

Notes
Turn   | Place    | Note
-------+----------+-------------------------------------------
     0 | D:1      | Kairos the Formicid Venom Mage began the quest for the Orb.
     0 | D:1      | Reached XP level 1. HP: 13/13 MP: 3/3
   122 | D:1      | Reached XP level 2. HP: 19/19 MP: 0/5
   353 | D:1      | Reached XP level 3. HP: 13/24 MP: 2/6
   454 | D:1      | Reached skill level 1 in Conjurations
   794 | D:2      | Found a stormy altar of Qazlal.
   843 | D:2      | Reached XP level 4. HP: 30/30 MP: 4/8
  1030 | D:2      | Noticed Terence
  1094 | D:2      | Killed Terence
  1094 | D:2      | Reached skill level 5 in Poison Magic
  1151 | D:2      | Reached XP level 5. HP: 34/36 MP: 5/9
  1449 | D:2      | Noticed Robin
  1889 | D:2      | Killed Robin
  1889 | D:2      | Reached skill level 1 in Fighting
  2009 | D:2      | Learned a level 2 spell: Poisonous Vapours
  2130 | D:3      | Reached skill level 1 in Armour
  2162 | D:3      | Found a snail-covered altar of Cheibriados.
  2357 | D:3      | Found a sacrificial altar of Ru.
  2357 | D:3      | Found a shattered altar of Ashenzari.
  2478 | D:3      | You fall through a shaft for 3 floors!
  2484 | D:6      | Found a white marble altar of Elyvilon.
  2508 | D:5      | Entered Level 5 of the Dungeon
  2519 | D:4      | Noticed Eustachio
  2536 | D:4      | Slain by a river rat

Skill      XL: |  1  2  3  4  5 |
---------------+----------------+-----
Dodging        | 2 |  2.8
Conjurations   | 1 |  1.7
Poison Magic   | 5 |  5.2
Fighting       | 1 |  1.2
Armour         | 1 |  1.4
Spellcasting   | 3 |  3.0
Polearms       | |  0.2
Stealth        | |  2.5
Unarmed Combat | |  0.2

Action                   |  1- 3 |  4- 6 || total
-------------------------+-------+-------++-------
Melee: Unarmed           |    22 |       ||    22
       Spear             |       |    73 ||    73
       Flail             |       |    23 ||    23
 Cast: Sting             |    51 |    78 ||   129
       Poisonous Vapours |       |     1 ||     1
 Abil: Dig               |     1 |       ||     1
  Use: Scroll            |       |     8 ||     8
  Eat: Chunk             |     1 |     7 ||     8
Armor: Robe              |    49 |       ||    49
       Leather armour    |       |    29 ||    29
Dodge: Dodged            |   117 |   108 ||   225
